 Dungeon Crawl Stone Soup version 0.27.1-33-g824d729ab1 (webtiles) character file.

Game seed: 16158798777617130690

152588 emdikay the Severer (level 17, -4/106 HPs)
             Began as a Gargoyle Berserker on Dec 25, 2021.
             Was an Elder of Trog.
             Slain by a nagaraja (20 damage)
             ... on level 4 of the Snake Pit.
             The game lasted 03:11:07 (38595 turns).

emdikay the Severer (Gargoyle Berserker)           Turns: 38595, Time: 03:11:07

Health: -4/106     AC: 42    Str: 31    XL:     17   Next: 58%
Magic:  17/17      EV:  7    Int: 10    God:    Trog [****..]
Gold:   974        SH: 17    Dex: 10    Spells: 16/16 levels left

rFire    + . .     SeeInvis +   a - +3 broad axe "Votin" {vorpal, rF+}
rCold    . . .     Faith    .   d - +2 kite shield {reflect}
rNeg     + + .     Spirit   .   n - +0 plate armour
rPois    ∞         Reflect  +   y - +1 helmet {SInv}
rElec    +         Harm     .   E - +2 cloak {rCorr}
rCorr    +         Rampage  ∞   g - +2 pair of gloves
Will     ++++.                  P - +3 pair of seven-league boots {Rampage+∞}
Stlth    ..........             t - amulet of regeneration
HPRegen  2.27/turn              L - ring of willpower
MPRegen  0.15/turn              e - ring "Umiczid" {rN+ Str+6}

@: strong-willed, on berserk cooldown, flying, regenerating, slowed,
constricted, very slow
A: sickness immunity, AC +12, big wings, negative energy resistance 1,
electricity resistance, torment resistance 1, petrification resistance
a: Renounce Religion, Berserk, Trog's Hand, Brothers in Arms


You were on level 4 of the Snake Pit.
You worshipped Trog.
Trog was greatly pleased with you.
You visited 5 branches of the dungeon, and saw 28 of its levels.
You also visited: Gauntlet.

You collected 2678 gold pieces.
You spent 1704 gold pieces at shops.

Inventory:

Hand Weapons
 a - the +3 broad axe "Votin" (weapon) {vorpal, rF+}
   (Trog gifted it to you on level 2 of the Orcish Mines)

   It inflicts extra damage upon your enemies.
   rF:        It protects you from fire.
 b - a +2 hand crossbow of flaming
 j - a +3 trident
 D - a +2 war axe of flaming
 O - a +1 war axe of freezing
Missiles
 i - 75 poisoned darts (quivered)
 l - 410 bolts
 m - 5 atropa-tipped darts
 p - 2 curare-tipped darts
Armour
 d - a +2 kite shield of reflection (worn)
 g - a +2 pair of gloves (worn)
 n - a +0 plate armour (worn)
 y - a +1 helmet of see invisible (worn)
 E - a +2 cloak of preservation (worn)
 P - the +3 pair of seven-league boots (worn) {Rampage+∞}
   (You found it on level 1 of the Lair of Beasts)

   Its wearer moves as far as possible in that direction when moving towards
   enemies.
 X - the +2 cloak of the Thief {*Fog Slay-2 SInv Stlth+}
   (You found it in a Gauntlet)

   It may release a thick cloud of smoke when the wearer is hurt.
   Slay:      It affects your accuracy & damage with ranged weapons and melee
   (-2).
   SInv:      It lets you see invisible.
   Stlth:     It makes you more stealthy.
Jewellery
 e - the ring "Umiczid" (right hand) {rN+ Str+6}
   (You bought it in a shop on level 7 of the Dungeon)

   [ring of strength]

   Str:       It affects your strength (+6).
   rN:        It protects you from negative energy.
 o - a ring of see invisible
 t - an amulet of regeneration (around neck)
 L - a ring of willpower (left hand)
 M - a ring of protection from fire
Wands
 k - a wand of mindburst (20)
 r - a wand of polymorph (31)
 w - a wand of charming (25)
 H - a wand of digging (8)
 N - a wand of iceblast (9)
 U - a wand of flame (51)
Scrolls
 u - 3 scrolls of brand weapon
 v - 3 scrolls of blinking
 C - 2 scrolls of teleportation
 G - 11 scrolls of identify
 I - 3 scrolls of enchant weapon
 J - a scroll of fear
 S - a scroll of holy word
 Z - a scroll of fog
Potions
 c - a potion of resistance
 f - 5 potions of curing
 h - 4 potions of ambrosia
 q - 2 potions of haste
 s - a potion of cancellation
 x - 2 potions of magic {unknown}
 z - 2 potions of might
 A - 4 potions of heal wounds
 B - 3 potions of mutation
 Y - a potion of invisibility
Miscellaneous
 F - a condenser vane
 Q - a phial of floods
 T - a piece from Xom's chessboard (15/15)
 V - a lightning rod (3/4)


   Skills:
 - Level 12.0 Fighting
 + Level 16.7 Axes
 + Level 9.4 Crossbows
 - Level 12.0 Armour
 - Level 6.0 Dodging
 + Level 11.1 Stealth
 - Level 15.0 Shields


You had 16 spell levels left.
You didn't know any spells.
Your spell library contained the following spells:

 Spells                   Type           Power      Damage    Failure   Level
 Animate Skeleton         Necr           0%         N/A       93%         1
 Apportation              Tloc           0%         N/A       93%         1
 Corona                   Hex            0%         N/A       93%         1
 Pain                     Necr           0%         1d4       93%         1
 Summon Small Mammal      Summ           0%         N/A       93%         1
 Blink                    Tloc           N/A        N/A       98%         2
 Slow                     Hex            0%         N/A       98%         2
 Static Discharge         Conj/Air       0%         N/A       98%         2
 Wereblood                Tmut           0%         N/A       98%         2
 Confusing Touch          Hex            0%         N/A       100%        3
 Ignite Poison            Fire/Tmut/Pois 0%         N/A       100%        3
 Lesser Beckoning         Tloc           0%         N/A       100%        3
 Mephitic Cloud           Conj/Pois/Air  0%         N/A       100%        3
 Vampiric Draining        Necr           0%         2d6       100%        3
 Cause Fear               Hex            0%         N/A       100%        4
 Petrify                  Tmut/Erth      0%         N/A       100%        4
 Bolt of Magma            Conj/Fire/Erth 0%         4d4       100%        5
 Irradiate                Conj/Tmut      0%         3d13      100%        5
 Lightning Bolt           Conj/Air       0%         1d11      100%        5
 Manifold Assault         Tloc           0%         N/A       100%        5
 Metabolic Englaciation   Hex/Ice        0%         N/A       100%        5
 Summon Forest            Summ/Tloc      0%         N/A       100%        5
 Summon Mana Viper        Hex/Summ       0%         N/A       100%        5
 Dispersal                Tloc           0%         N/A       100%        6
 Shadow Creatures         Summ           N/A        N/A       100%        6
 Dragon Form              Tmut           0%         N/A       100%        7
 Summon Hydra             Summ           0%         N/A       100%        7
 Disjunction              Tloc           0%         N/A       100%        8
 Maxwell's Capacitive Co  Air            0%         ∞         100%        8
 Dragon's Call            Summ           0%         N/A       100%        9
 Sublimation of Blood     Necr           Unusable   N/A       N/A         2
 Statue Form              Tmut/Erth      Unusable   N/A       N/A         6

Dungeon Overview and Level Annotations

Branches:
Dungeon (15/15)            Temple (1/1) D:5            Lair (6/6) D:10
  Swamp (0/4) Lair:4        Snake (4/4) Lair:2        Slime (0/5) Lair:6
    Orc (2/2) D:11            Elf (0/3) Orc:2        Vaults (0/5) D:14
 Depths (0/5) D:15        Gauntlet (visited)

Altars:
Ashenzari
Cheibriados
Dithmenos
Elyvilon
Fedhas
Gozag
Hepliaklqana
Kikubaaqudgha
Makhleb
Nemelex Xobeh
Okawaru
Qazlal
Ru
Sif Muna
Trog
Uskayaw
Vehumet
Wu Jian
Xom
Yredelemnul
Zin
The Shining One
Lugonu

Shops:
D:1 *   D:5 **   D:7 =   D:10 *   D:11 [   D:14 *   Orc:1 [   Orc:2 :??(

Portals:
Abyss: Snake:3
Trove: D:15 (give 8 potions of haste)

Annotations:
D:1 electric eels behind glass walls
D:5 exclusions: angel and profane servitor
D:10 exclusions: balrug, orange demon and ynoxinul
D:11 suspecious empty area
D:15 treasure trove 8 potions of haste, 3 runed translucent doors, exclusions: 3 doors and downstairs
Snake:4 Vashnia


Innate Abilities, Weirdness & Mutations

You are immune to sickness and miasma.
Your stone body is resilient. (AC +12)
You are immune to poison.
Your large and strong wings let you fly.
You resist negative energy. (rN+)
You are resistant to electric shocks. (rElec)
You are resistant to unholy torment.
You are immune to petrification.


Message History

The naga warrior spits poison at you. The splash of poison misses you.
You barely miss the naga warrior. You closely miss the nagaraja.
You block the naga warrior's attack. The naga warrior grabs you.
The naga warrior constricts you.
The nagaraja hits you but does no damage.
You slash the nagaraja!
The nagaraja is heavily wounded.
You slash the naga warrior! You block the nagaraja's attack.
The naga warrior hits you with a +0 war axe.
* * * LOW HITPOINT WARNING * * *
The naga warrior constricts you.
* * * LOW HITPOINT WARNING * * *
The nagaraja points at you and mumbles some strange words.
The bolt of poison hits you but does no damage.
You resist.
You closely miss the nagaraja.
The nagaraja is heavily wounded.
You closely miss the naga warrior. You block the nagaraja's attack.
You block the naga warrior's attack. The naga warrior constricts you.
The nagaraja points at you and mumbles some strange words.
You resist with some effort. You block the naga warrior's attack.
The naga warrior constricts you.
You closely miss the nagaraja.
The nagaraja is heavily wounded.
You hit the naga warrior but do no damage.
The nagaraja spits poison at you.
The splash of poison hits you but does no damage.
You block the naga warrior's attack. The naga warrior constricts you.
* * * LOW HITPOINT WARNING * * *
Your skin crawls.
You feel strong-willed.
The nagaraja hits you but does no damage.
You block the nagaraja's attack. The naga warrior spits poison at you.
The splash of poison hits you but does no damage.
The naga warrior constricts you.
* * * LOW HITPOINT WARNING * * *
The nagaraja hits you with a +0 flail!!
You die...

## #### ..#
##...## ..#
##.....#...#
#...φ..#...#
#....†@N..#
##....N...#
#.......##
###....##
######


You could see a naga warrior (curare) and a nagaraja (fast, strong, curare,
catching breath).

Vanquished Creatures
  Jorgrun (Snake:3)
  A sphinx (D:12)
  Roxanne (Snake:3)
  2 tengu reavers (D:12)
  Aizul (Snake:3)
  Nessos (D:12)
  A minotaur (Gauntlet)
  Azrael (D:15)
  An entropy weaver (Gauntlet)
  Snorg (Lair:5)
  Josephine (Orc:2)
  3 ettins
  A fire dragon (D:15)
  3 naga warriors
  A ghost crab (Gauntlet)
  Erolcha (Orc:2)
  2 boulder beetles
  9 hydras
  3 ogre magi
  6 catoblepae
  8 centaur warriors
  A death knight (D:14)
  2 anacondas
  10 two-headed ogres
  9 death yaks
  10 naga sharpshooters
  A deep troll earth mage (D:12)
  An orc high priest (D:11)
  A deep elf knight (D:14)
  2 shock serpents
  A skeletal warrior (D:12)
  A salamander mystic (Snake:1)
  2 deep trolls (Orc:2)
  2 naga ritualists (Snake:1)
  A bog body (Lair:4)
  A glowing orange brain (shapeshifter) (D:12)
  A phantasmal warrior (D:13)
  A deep elf zephyrmancer (D:15)
  5 orc knights
  6 deep elf pyromancers
  A necromancer (D:15)
  A wolf spider (D:12)
  8 ugly things
  3 mana vipers
  8 manticores
  An oklob plant (Lair:5)
  2 salamanders (Snake:3)
  An orc sorcerer (D:15)
  8 cyclopes
  A spectral centaur (D:11)
  21 black mambas
  7 elephants
  6 guardian serpents
  7 naga magi
  12 cane toads
  4 yaktaurs (D:14)
  2 unseen horrors (D:12)
  An efreet (D:12)
  A freezing wraith (D:13)
  A centaur skeleton (D:11)
  A minotaur zombie (Gauntlet)
  3 rime drakes
  A tengu conjurer (D:15)
  4 komodo dragons
  5 polar bears
  A queen bee (shapeshifter) (D:12)
  A jumping spider (Gauntlet)
  A hornet (D:8)
  A wolf spider simulacrum (D:15)
  17 trolls
  17 blink frogs
  Prince Ribbit (D:9)
  4 slime creatures
  5 vampires
  2 spriggans (Lair:2)
  2 shadows (D:11)
  7 wraiths
  32 yaks
  Eustachio (D:6)
  3 fire elementals (D:15)
  8 wyverns
  2 hogs (D:7)
  13 basilisks
  2 steam dragons
  A human (D:7)
  10 vampire mosquitoes
  A warg (D:11)
  A warg (shapeshifter) (D:12)
  6 swamp worms (Lair:1)
  An acid dragon (D:12)
  23 nagas
  Duvessa (D:6)
  2 hell hounds (D:15)
  15 water moccasins
  A hornet zombie (D:7)
  23 orc warriors
  2 sky beasts
  3 necrophages
  2 ice beasts
  6 black bears
  16 centaurs
  16 ogres
  32 wolves
  4 boggarts (Lair:5)
  6 kobold brigands
  Blork the orc (D:5)
  7 bullfrogs
  Dowan (D:6)
  A wyvern zombie (D:6)
  2 two-headed ogre simulacra (D:11)
  3 scorpions
  A water moccasin zombie (D:6)
  A wyvern skeleton (D:6)
  6 killer bees
  5 wights
  4 howler monkeys
  3 electric eels
  9 centaur zombies
  2 hounds
  A bullfrog skeleton (D:6)
  19 orc priests
  2 gnoll shamans
  3 iguanas
  19 orc wizards
  3 troll simulacra (D:11)
  12 gnolls
  4 adders
  A shadow imp (D:5)
  A white imp (D:5)
  2 ufetubi
  A worm (D:2)
  A dart slug (D:3)
  58 orcs
  4 endoplasms
  A giant cockroach (D:3)
  7 goblins
  10 hobgoblins
  18 kobolds
  2 quokkas
  4 ball pythons
  8 bats
  3 frilled lizards
  3 rats
  6 briar patches (Lair:1)
  A lurking horror (Snake:3)
749 creatures vanquished.

Vanquished Creatures (collateral kills)
  Donald (Orc:2)
  A stone giant (Orc:2)
  A naga warrior (Snake:3)
  An ogre mage (D:12)
  A death knight (D:12)
  3 two-headed ogres
  An orc knight (D:12)
  An orc sorcerer (D:15)
  A naga mage (Snake:3)
  A polar bear (Lair:5)
  A jumping spider (Gauntlet)
  A naga (Snake:3)
  A hell hound (D:15)
  An orc warrior (Orc:2)
  3 ogres (Orc:2)
19 creatures vanquished.

Vanquished Creatures (others)
  A naga mage (Snake:4)
  A boggart (D:14)
  A kobold brigand (D:14)
  5 briar patches (Lair:1)
  4 bushes (Lair:5)
  48 fungi
  62 plants
122 creatures vanquished.

Grand Total: 890 creatures vanquished

Notes
Turn   | Place    | Note
-------+----------+-------------------------------------------
     0 | D:1      | emdikay the Gargoyle Berserker began the quest for the Orb.
     0 | D:1      | Reached XP level 1. HP: 14/14 MP: 1/1
     3 | D:1      | Noticed an electric eel
     4 | D:1      | Noticed an electric eel
   325 | D:1      | Reached skill level 3 in Axes
   325 | D:1      | Reached XP level 2. HP: 15/19 MP: 2/2
   920 | D:1      | Found Uptiwkeq's General Store.
  1256 | D:2      | Reached XP level 3. HP: 24/24 MP: 3/3
  1486 | D:2      | Reached ** piety under Trog
  2335 | D:3      | Found a faded altar of an unknown god.
  2343 | D:3      | Got Plato's Reference Book on Necromancy
  2414 | D:3      | Noticed a sky beast
  2419 | D:3      | Reached XP level 4. HP: 28/29 MP: 4/4
  2439 | D:3      | Killed a sky beast
  2440 | D:3      | Reached skill level 4 in Axes
  2440 | D:3      | Reached XP level 5. HP: 24/33 MP: 5/5
  3007 | D:5      | Entered Level 5 of the Dungeon
  3007 | D:5      | Noticed an ice beast
  3196 | D:4      | Reached XP level 6. HP: 39/39 MP: 6/6
  3699 | D:4      | Noticed a necrophage
  3713 | D:4      | Killed a necrophage
  3714 | D:4      | Reached skill level 5 in Axes
  3824 | D:4      | Found a blossoming altar of Fedhas.
  3824 | D:4      | Found a broken altar of Ashenzari.
  3832 | D:4      | Found a bloodstained altar of Trog.
  3839 | D:4      | Found a white marble altar of Elyvilon.
  3841 | D:4      | Found a faded altar of an unknown god.
  4032 | D:5      | Reached skill level 5 in Fighting
  4136 | D:5      | Reached XP level 7. HP: 44/44 MP: 7/7
  4297 | D:5      | Found Linty's Specific Store.
  4301 | D:5      | Found Yzedep's General Store.
  4374 | D:5      | Found a staircase to the Ecumenical Temple.
  4384 | Temple   | Entered the Ecumenical Temple
  5125 | D:5      | Reached skill level 6 in Axes
  5233 | D:5      | Reached XP level 8. HP: 51/51 MP: 8/8
  5308 | D:5      | Found a glowing golden altar of the Shining One.
  5311 | D:5      | Noticed an angel
  5339 | D:5      | Found a basalt altar of Yredelemnul.
  5341 | D:5      | Noticed a profane servitor
  5583 | D:6      | Noticed Blork the orc
  5602 | D:5      | Killed Blork the orc
  5647 | D:5      | Reached skill level 7 in Axes
  5666 | D:5      | Reached *** piety under Trog
  6063 | D:6      | Noticed Eustachio
  6297 | D:6      | Killed Eustachio
  6355 | D:6      | Reached XP level 9. HP: 45/56 MP: 9/9
  6402 | D:6      | Identified the +4 quarterstaff of Purpose {chaos, rCorr
                  | Str+2 Int+4}
  6431 | D:7      | Found Ogheipiq's Jewellery Emporium.
  6499 | D:6      | Found a hazy altar of Hepliaklqana.
  6512 | D:6      | Found a shimmering blue altar of Sif Muna.
  6624 | D:6      | Noticed Duvessa
  6631 | D:6      | Noticed Dowan
  6642 | D:6      | Killed Duvessa
  6648 | D:6      | Killed Dowan
  6721 | D:6      | Reached skill level 8 in Axes
  6949 | D:6      | Reached skill level 5 in Dodging
  7704 | D:7      | Found a glowing silver altar of Zin.
  7749 | D:7      | Found a shadowy altar of Dithmenos.
  7901 | D:7      | Reached skill level 5 in Armour
  7908 | D:7      | Reached XP level 10. HP: 39/64 MP: 10/10
  7914 | D:7      | Reached skill level 9 in Axes
  8744 | D:8      | Noticed a two-headed ogre
  8756 | D:8      | Killed a two-headed ogre
  9562 | D:8      | HP: 3/65 [killer bee (7)]
  9571 | D:8      | HP: 2/65 [killer bee (3)]
  9891 | D:9      | Noticed a cyclops
  9903 | D:9      | Killed a cyclops
  9904 | D:9      | Reached skill level 10 in Axes
 10471 | D:9      | Noticed Prince Ribbit
 10487 | D:9      | Killed Prince Ribbit
 10487 | D:9      | Reached **** piety under Trog
 11805 | D:10     | Entered Level 10 of the Dungeon
 11852 | D:10     | Noticed an elephant
 11852 | D:10     | Found a staircase to the Lair.
 11860 | D:9      | Reached XP level 11. HP: 67/71 MP: 11/11
 11914 | D:10     | Noticed a two-headed ogre
 12104 | D:10     | Found a sacrificial altar of Ru.
 12221 | D:10     | Identified the +1 chain mail "Wiejisecs" {Harm rElec rF+}
 12274 | D:10     | Killed a two-headed ogre
 12367 | D:10     | Noticed a cyclops
 12375 | D:10     | Found a burning altar of Makhleb.
 12382 | D:10     | Killed a cyclops
 12383 | D:10     | Reached skill level 11 in Axes
 12383 | D:10     | Noticed a balrug
 12553 | D:10     | Found an ancient bone altar of Kikubaaqudgha.
 12689 | D:10     | Found Iwieseub's General Store.
 13225 | D:11     | Noticed a two-headed ogre
 13233 | D:11     | Killed a two-headed ogre
 13268 | D:11     | Found a staircase to the Orcish Mines.
 13268 | D:11     | Noticed a boulder beetle
 13311 | D:11     | Killed a boulder beetle
 13312 | D:11     | Reached skill level 10 in Fighting
 13604 | D:11     | Found Usod's Armour Emporium.
 13604 | D:11     | Noticed a two-headed ogre
 13620 | D:11     | Killed a two-headed ogre
 13782 | D:11     | Bought a +1 buckler of fire resistance for 231 gold pieces
 13782 | D:11     | Bought a +0 kite shield for 63 gold pieces
 13782 | D:11     | Bought a +1 pair of gloves for 161 gold pieces
 13814 | D:11     | Noticed a two-headed ogre
 13820 | D:11     | Killed a two-headed ogre
 13821 | D:11     | Reached skill level 1 in Shields
 13821 | D:11     | Reached XP level 12. HP: 43/78 MP: 7/12
 14120 | D:11     | Reached skill level 12 in Axes
 15285 | D:5      | Bought a +0 helmet for 49 gold pieces
 15411 | Lair:1   | Entered Level 1 of the Lair of Beasts
 15694 | Lair:1   | You fall into a shaft and drop 1 floor!
 15973 | Lair:1   | Reached skill level 5 in Shields
 16015 | Lair:1   | Noticed a five-headed hydra
 16026 | Lair:1   | Killed a five-headed hydra
 16209 | Lair:1   | Found a transporter.
 16209 | Lair:1   | Found the +3 pair of seven-league boots {Rampage+∞}
 16257 | Lair:1   | Found a transporter.
 17845 | Lair:2   | Reached skill level 10 in Armour
 17845 | Lair:2   | Reached XP level 13. HP: 84/84 MP: 13/13
 17938 | Lair:2   | Found a staircase to the Snake Pit.
 17953 | Lair:2   | Reached skill level 13 in Axes
 18742 | Lair:3   | You fall into a shaft and drop 3 floors!
 18742 | Lair:6   | Entered Level 6 of the Lair of Beasts
 20256 | Lair:4   | Reached ***** piety under Trog
 20372 | Lair:4   | Found a staircase to the Swamp.
 20854 | Lair:4   | Gained mutation: Your large and strong wings let you fly.
                  | [Gargoyle growth]
 20854 | Lair:4   | Reached XP level 14. HP: 76/92 MP: 14/14
 21167 | Lair:5   | Reached skill level 14 in Axes
 21324 | Lair:5   | Received a gift from Trog
 21647 | Lair:5   | Reached skill level 10 in Shields
 21925 | Lair:5   | Noticed Snorg
 21954 | Lair:5   | Killed Snorg
 23274 | Lair:6   | Reached skill level 1 in Stealth
 23294 | Lair:6   | Found a staircase to the Slime Pits.
 23368 | Lair:6   | Reached skill level 1 in Crossbows
 23376 | Lair:6   | Received a gift from Trog
 24667 | D:12     | Found a gate leading to a gauntlet.
 24709 | Gauntlet | Entered a Gauntlet
 24709 | Gauntlet | Found a transporter.
 24709 | Gauntlet | Found a transporter.
 24712 | Gauntlet | Found a transporter.
 24714 | Gauntlet | Found a transporter.
 24718 | Gauntlet | Noticed an entropy weaver
 24729 | Gauntlet | Found a transporter.
 24730 | Gauntlet | Found a transporter.
 24739 | Gauntlet | Found a transporter.
 24745 | Gauntlet | Found a transporter.
 24762 | Gauntlet | Found a transporter.
 24770 | Gauntlet | Found a transporter.
 24787 | Gauntlet | Found a transporter.
 24869 | Gauntlet | Found a transporter.
 25075 | Gauntlet | Killed an entropy weaver
 25130 | Gauntlet | Reached XP level 15. HP: 91/96 MP: 15/15
 25168 | Gauntlet | Found the +2 cloak of the Thief {*Fog Slay-2 SInv Stlth+}
 25185 | Gauntlet | Reached skill level 15 in Axes
 25246 | D:12     | Identified the +4 dagger "Ukionn" {pain, Drain Int+3 Dex+3}
 25322 | D:12     | Noticed Nessos
 25334 | D:12     | Killed Nessos
 26024 | D:12     | Noticed a tengu reaver
 26237 | D:12     | Killed a tengu reaver
 26416 | D:12     | Noticed a tengu reaver
 26458 | D:12     | Killed a tengu reaver
 26756 | D:12     | Noticed a sphinx
 26776 | D:12     | Killed a sphinx
 27398 | D:13     | Reached skill level 5 in Stealth
 28804 | D:14     | Reached XP level 16. HP: 72/101 MP: 16/16
 29067 | D:14     | Found a gate to the Vaults.
 29126 | D:14     | Found Tufuix's General Store.
 29202 | D:14     | Reached skill level 5 in Crossbows
 29781 | D:15     | Entered Level 15 of the Dungeon
 29899 | D:15     | Found a portal to a secret trove of treasure.
 30145 | D:15     | Reached skill level 16 in Axes
 30157 | D:15     | Noticed Azrael
 30173 | D:15     | Killed Azrael
 30754 | D:15     | Found a runed translucent gate.
 30754 | D:15     | Found a runed translucent gate.
 30754 | D:15     | Found a runed translucent gate.
 31405 | D:15     | Found a staircase to the Depths.
 31589 | Orc:1    | Entered Level 1 of the Orcish Mines
 32505 | Orc:2    | Entered Level 2 of the Orcish Mines
 32599 | Orc:2    | Noticed Josephine
 32614 | Orc:2    | Killed Josephine
 32652 | Orc:2    | Found a staircase to the Elven Halls.
 32731 | Orc:2    | Noticed Donald
 32755 | Orc:2    | Killed Donald
 33006 | Orc:2    | Paralysed by an ogre mage for 4 turns
 33205 | Orc:2    | Identified the +3 broad axe "Votin" {vorpal, rF+} (Trog
                  | gifted it to you on level 2 of the Orcish Mines)
 33205 | Orc:2    | Received a gift from Trog
 33224 | Orc:2    | Reached skill level 15 in Shields
 33266 | Orc:2    | Noticed Erolcha
 33275 | Orc:2    | Killed Erolcha
 33489 | Orc:2    | Found Jehastac's Weapon Shop.
 33499 | Orc:2    | Found Sazakh's Magic Scroll Boutique.
 33525 | Orc:2    | Found Ceig's Magic Scroll Emporium.
 33537 | Orc:2    | Found Qoar's Book Shop.
 34150 | Orc:1    | Found Vunuo's Antique Armour Boutique.
 34308 | Orc:1    | Bought an embroidered cloak for 225 gold pieces
 34580 | D:7      | Bought the ring "Umiczid" {rN+ Str+6} for 975 gold pieces
 34887 | Snake:1  | Entered Level 1 of the Snake Pit
 35460 | Snake:1  | Reached XP level 17. HP: 97/106 MP: 7/17
 36233 | Snake:1  | Reached skill level 10 in Stealth
 37274 | Snake:3  | Noticed Roxanne
 37437 | Snake:3  | Killed Roxanne
 37437 | Snake:3  | Received a gift from Trog
 37473 | Snake:3  | Found a corrupted altar of Lugonu.
 37484 | Snake:3  | Found a one-way gate to the infinite horrors of the Abyss.
 37657 | Snake:3  | Noticed Aizul
 37685 | Snake:3  | Killed Aizul
 38002 | Snake:3  | Noticed Jorgrun
 38018 | Snake:3  | Killed Jorgrun
 38396 | Snake:4  | Entered Level 4 of the Snake Pit
 38515 | Snake:4  | Noticed Vashnia
 38595 | Snake:4  | Slain by a nagaraja

Illustrated notes

Levels and vault maps discovered:
D:1:      arrival_aquarium_b, layout_loops_corners, serial_shops,
          nicolae_shop_stone
D:2:      layout_basic, serial_corexii_hall, corexii_hall_statues_deadend,
          corexii_hall_statues_x, chequers_hall_statues_y,
          corexii_hall_statues_deadend, corexii_hall_statues_s,
          chequers_hall_statues_corner_a
D:3:      layout_loops_ring, shapermc_ecumenical_altar_rom_forum,
          minmay_diced_spiral
D:4:      layout_gridville, chequers_temple_overflow_minitemple
D:5:      layout_gridville, grunt_temple_overflow_holy_war, temple_fountains,
          hangedman_abyss_or_decor_slice, nicolae_specific_store,
          grunt_ministairs_6, amcnicky_mini_rare_corridor_liquid,
          kennysheep_small_circle
D:6:      layout_rooms, mainiacjoe_overflow_large_starburst, uniq_blork_the_orc,
          uniq_eustachio, uniq_duvessa
D:7:      layout_cave_pods, nicolae_dithmenos_through_a_glass_darkly,
          zin_treasury, serial_shops, shop, grunt_livestock,
          kennysheep_minor_cross, nicolae_underground_beach
D:8:      layout_gridville
D:9:      layout_stronghold, uniq_prince_ribbit1
D:10:     layout_cave_pools, lemuel_tele_altar, mainiacjoe_overflow_alcove_1,
          makhleb_altar_promises_db, david_lair_generic, serial_shops,
          nicolae_shop_statue_plus, minivault_21
D:11:     layout_roguey, david_orc_2, serial_shops, kennysheep_little_box,
          portal_ice_cave_entry_ice_simulacra, hangedman_weighted_door,
          grunt_ministairs_5, nrook_guardian_serpent_double
D:12:     minmay_tearing_corner, layout_rooms, gauntlet_entry_generic,
          serial_aquarium, aquarium_bridge_square [aquarium_subvault_window,
          aquarium_subvault_bridge, aquarium_subvault_window,
          aquarium_subvault_window], aquarium_window_3, aquarium_window_corner,
          aquarium_view_4, aquarium_view_2c, aquarium_balcony_3b,
          minmay_quadrilaterals, uniq_nessos
D:13:     layout_basic
D:14:     layout_roguey, hangedman_vaults_entry_quadrant_bands, serial_shops,
          shop, minmay_misc_feat_encased
D:15:     grunt_enter_depths_magical_seal, layout_small_grid,
          minmay_misc_feat_hallway, ploomutoo_gammafunk_ghost_potion_laboratory,
          nicolae_trove_entry_crystal, uniq_azrael
Temple:   dpeg_three_leaves_temple
Lair:1:   gammafunk_worm_tunnel, layout_chaotic_city, gammafunk_lair_bear_cave,
          serial_bayou_shore_a
Lair:2:   wad_woods_tower, layout_cave_pods, guppyfry_snake_entry_island
Lair:3:   layout_small_grid, infiniplex_staircase_pool
Lair:4:   layout_long_grid, skrybe_swamp_entry_bodies, minivault_26,
          lemuel_fruit_tree
Lair:5:   layout_roguey, kilobyte_rumbling_trees, infiniplex_staircase_pool_2,
          grunt_megastairs_4, uniq_snorg
Lair:6:   evilmike_catoblepas_cave, layout_misc_corridors, slime_dummy,
          grunt_megastairs_3
Snake:1:  layout_layer_cave, grunt_megastairs_5
Snake:2:  nicolae_snake_nest, layout_concentric_octagons
Snake:3:  layout_honeycomb, amcnicky_altar_lugonu_corruption, uniq_roxanne,
          uniq_aizul, uniq_jorgrun
Snake:4:  grunt_snake_rune_spirals, layout_onion_interference, serial_shops,
          shop, uniq_vashnia
Orc:1:    layout_caves, serial_shops, shop
Orc:2:    st_orc_open, layout_diamond_mine, nicolae_volcano_entry_lava_flow,
          uniq_erolcha, uniq_donald, uniq_josephine

Skill      XL: |  1  2  3  4  5  6  7  8  9 10 11 12 13 14 15 16 17 |
---------------+----------------------------------------------------+-----
Axes           | 3 4 5 6 7 8 10 11 12 13 14 15 16 | 16.7
Dodging        | 2 3 4 5 6 |  6.0
Fighting       | 4 5 6 7 9 10 11 12 | 12.0
Armour         | 3 5 7 9 10 11 12 | 12.0
Shields        | 1 6 9 11 13 15 | 15.0
Stealth        | 2 6 9 11 | 11.1
Crossbows      | 1 4 7 9 |  9.4

Action                   |  1- 3 |  4- 6 |  7- 9 | 10-12 | 13-15 | 16-18 || total
-------------------------+-------+-------+-------+-------+-------+-------++-------
Melee: Hand axe          |   116 |       |       |       |       |       ||   116
       War axe           |     4 |   122 |   269 |   589 |  1197 |   477 ||  2658
       Flail             |       |       |       |     5 |    36 |       ||    41
       Broad axe         |       |       |       |       |       |   395 ||   395
 Fire: Hand crossbow     |       |       |       |       |    22 |    79 ||   101
       Hunting sling     |       |       |       |       |     8 |       ||     8
Throw: Dart              |       |     4 |    24 |    60 |   157 |   160 ||   405
Invok: Berserk           |       |     4 |    10 |    19 |    18 |     6 ||    57
       Trog's Hand       |       |       |     3 |     4 |     9 |    11 ||    27
       Brothers in Arms  |       |       |       |     1 |     4 |     6 ||    11
Evoke: Wand              |       |       |       |       |     3 |     1 ||     4
       Lightning rod     |       |       |       |       |       |     2 ||     2
  Use: Scroll            |       |     5 |    10 |     9 |     7 |     2 ||    33
       Potion            |       |       |       |     3 |     7 |     2 ||    12
 Stab: Petrified         |       |       |       |       |     4 |       ||     4
Armor: Animal skin       |    16 |       |       |       |       |       ||    16
       Ring mail         |    57 |       |       |       |       |       ||    57
       Chain mail        |     6 |    19 |       |       |       |       ||    25
       Plate armour      |       |    90 |   241 |   576 |  1010 |   459 ||  2376
Dodge: Dodged            |    85 |    41 |   135 |   415 |   485 |   268 ||  1429
Block: Buckler           |       |       |       |    77 |   478 |   285 ||   840
       Reflection        |       |       |       |       |    21 |    86 ||   107
       Kite shield       |       |       |       |       |       |   449 ||   449
